 Dungeon Crawl Stone Soup version 0.21-a0-321-g91e3373 (webtiles) character file.

566 tidbits the Charmwright (level 7, -8/57 HPs)
             Began as a Gnoll Skald on Sept 30, 2017.
             Mangled by a wraith (12 damage)
             ... in an ossuary.
             The game lasted 00:12:37 (1648 turns).

tidbits the Charmwright (Gnoll Skald)               Turns: 1648, Time: 00:12:37

Health: -8/57      AC:  5    Str: 13    XL:     7   Next: 32%
Magic:  8/15       EV: 13    Int: 18    God:
Gold:   172        SH:  0    Dex: 14    Spells: 6/17 levels left

rFire    . . .     SeeInvis .   C - +0 flail
rCold    . . .     Gourm    .   (no shield)
rNeg     . . .     Faith    .   B - +0 ring mail
rPois    .         Spirit   .   (no helmet)
rElec    .         Reflect  .   (no cloak)
rCorr    .         Harm     .   (no gloves)
MR       .....                  (no boots)
Stlth    ++........             (no amulet)
HPRegen  0.19/turn              l - ring of stealth
MPRegen  0.14/turn              (no ring)

@: very slightly contaminated, slowed, very slow
A: distributed training, fangs 1, strong nose
a: no special abilities


You were in an ossuary.
You were not hungry.

You visited 1 branch of the dungeon, and saw 5 of its levels.
You also visited: Sewer and Ossuary.

You collected 172 gold pieces.

Inventory:

Hand Weapons
 k - a +0 club
 o - a +0 short sword
 u - a +0 hunting sling
 C - a +0 flail (weapon)
 G - a +0 blowgun
Missiles
 f - 62 arrows
 h - 99 stones (quivered)
 r - 26 poisoned needles
Armour
 a - a +0 leather armour
 B - a +0 ring mail (worn)
Jewellery
 l - a ring of stealth (left hand)
   (You took it off a hobgoblin on level 1 of the Dungeon)
Wands
 J - a wand of digging (10/24)
Scrolls
 g - a scroll of noise {unknown}
 i - a scroll of amnesia {unknown}
 j - 2 scrolls of remove curse
 m - 2 scrolls of immolation
 p - 3 scrolls of teleportation
 q - 3 scrolls of magic mapping
 s - a scroll of random uselessness {unknown}
 y - a scroll of fear {unknown}
 z - a scroll of recharging {unknown}
 A - a scroll of vulnerability {unknown}
 E - a scroll of enchant armour {unknown}
 I - a scroll of enchant weapon {unknown}
Potions
 d - 2 potions of haste
 e - a potion of heal wounds {unknown}
 n - a potion of mutation {unknown}
 v - a potion of agility {unknown}
 w - a potion of curing
 D - a potion of degeneration {unknown}
 F - 2 potions of flight
 K - a potion of invisibility {unknown}
Books
 b - a book of Battle

   Spells                             Type                      Level
   a - Infusion                       Charms                       1
   b - Shroud of Golubria             Charms/Translocation         2
   c - Song of Slaying                Charms                       2
   d - Spectral Weapon                Hexes/Charms                 3
   e - Regeneration                   Charms/Necromancy            3
Comestibles
 c - 2 bread rations
 t - 3 royal jellies
 x - 4 fruits


   Skills:
 + Level 5.7 Fighting
 + Level 3.1 Short Blades
 + Level 1.7 Long Blades
 + Level 3.5 Axes
 + Level 2.3 Maces & Flails
 + Level 0.8 Polearms
 + Level 2.3 Staves
 + Level 2.8 Slings
 + Level 3.1 Bows
 + Level 1.7 Crossbows
 + Level 1.7 Throwing
 + Level 3.1 Armour
 + Level 4.9 Dodging
 + Level 2.0 Stealth
   Level 0.0 Stabbing
 + Level 2.6 Shields
   Level 0.0 Traps
 + Level 5.0 Unarmed Combat
 + Level 5.6 Spellcasting
 + Level 2.3 Conjurations
 + Level 2.0 Hexes
 + Level 7.0 Charms
 + Level 2.0 Summonings
 + Level 3.1 Necromancy
 + Level 2.6 Translocations
 + Level 2.6 Transmutations
 + Level 1.7 Fire Magic
 + Level 1.7 Ice Magic
 + Level 3.1 Air Magic
 + Level 1.7 Earth Magic
 + Level 1.3 Poison Magic
 + Level 2.6 Invocations
 + Level 1.7 Evocations


You had 6 spell levels left.
You knew the following spells:

 Your Spells              Type           Power        Failure   Level  Hunger
g - Shroud of Golubria    Chrm/Tloc      ###.......   5%          2    None
i - Infusion              Chrm           ####         1%          1    None
r - Regeneration          Chrm/Necr      ###.......   10%         3    ##.....
s - Song of Slaying       Chrm           ####....     2%          2    None
w - Spectral Weapon       Hex/Chrm       ###.....     12%         3    ##.....


Dungeon Overview and Level Annotations

Branches:
Dungeon (5/15)
 Temple: D:4-7

Altars:

Shops:
D:5 (


Innate Abilities, Weirdness & Mutations

Your experience applies equally to all skills.
You have very sharp teeth.
Your uncanny sense of smell can sniff out nearby items.


Message History

Your ring mail prevents you from hitting the kobold skeleton.
Your spectral weapon hits the kobold skeleton!
You destroy the kobold skeleton!
The gnoll skeleton barely misses you.
You hit the gnoll skeleton.
The gnoll skeleton is lightly damaged.
Your spectral weapon hits the gnoll skeleton!
You destroy the gnoll skeleton!
Your spectral weapon fades away. 2 skeletons come into view.
A kobold skeleton comes into view.
Found a gate leading back out of this place. 2 skeletons come into view.
Casting: Spectral Weapon
Confirm with . or Enter, or press ? or * to list all spells.
You draw out your weapon's spirit!
You sock the kobold skeleton!
You destroy the kobold skeleton!
Your Summonings skill increases to level 2!
You hit the gnoll skeleton.
The gnoll skeleton is lightly damaged.
Your spectral weapon hits the gnoll skeleton!!
You destroy the gnoll skeleton!
You hit the kobold skeleton.
The kobold skeleton is lightly damaged.
Your spectral weapon hits the kobold skeleton.
You destroy the kobold skeleton!
The gnoll skeleton hits you but does no damage.
You thump the gnoll skeleton! You punch the gnoll skeleton.
The gnoll skeleton is severely damaged.
Your spectral weapon hits the gnoll skeleton!
You destroy the gnoll skeleton!
The helpless kobold skeleton fails to defend itself.
You thump the kobold skeleton!
You destroy the kobold skeleton!
There is a gate leading back out of this place here.
A kobold skeleton comes into view.
Found a gate leading back out of this place.
A kobold skeleton comes into view.
Your spectral weapon fades away.
The kobold skeleton closely misses you.
You hit the kobold skeleton. You punch the kobold skeleton.
You destroy the kobold skeleton!
Casting: Spectral Weapon
Confirm with . or Enter, or press ? or * to list all spells.
You draw out your weapon's spirit!
You hit the kobold skeleton.
The kobold skeleton is almost destroyed.
Your spectral weapon hits the kobold skeleton!!
You destroy the kobold skeleton!
You open the door.
There is an open door here.
A wraith comes into view.
Found eight items.
Your spectral weapon fades away.
All of the chunks of flesh in your inventory have rotted away.
The wraith hits you! The wraith drains your vigour!
You feel yourself slow down.
Casting: Spectral Weapon
Confirm with . or Enter, or press ? or * to list all spells.
You miscast Spectral Weapon.
You are very lightly contaminated with residual magic.
Nothing appears to happen.
The wraith hits you. The wraith drains your vigour!
You feel as though you will be slow longer.
Casting: Spectral Weapon
Confirm with . or Enter, or press ? or * to list all spells.
Space distorts slightly along a thin shroud covering your body.
The wraith misses you. x2
Casting: Shroud of Golubria
Confirm with . or Enter, or press ? or * to list all spells.
You draw out your weapon's spirit!
The wraith closely misses you.
You hit the wraith. You bite the wraith, but do no damage.
The wraith is lightly damaged.
Your spectral weapon hits the wraith!
The wraith misses you. The wraith hits you!
* * * LOW HITPOINT WARNING * * *
The wraith drains your vigour!
You feel as though you will be slow longer.
Your shroud falls apart!
Okay, then.
You hit the wraith.
The wraith is moderately damaged.
Your spectral weapon closely misses the wraith.
The wraith hits you.
* * * LOW HITPOINT WARNING * * *
The wraith drains your vigour!
You feel as though you will be slow longer.
The wraith barely misses you.
You barely miss the wraith.
The wraith is moderately damaged.
Your spectral weapon barely misses the wraith.
The wraith hits you!
* * * LOW HITPOINT WARNING * * *
The wraith barely misses you.
You feel better. The wraith hits you!
* * * LOW HITPOINT WARNING * * *
The wraith drains your vigour!
You feel as though you will be slow longer.
The wraith hits you!
You die...

###########################
#.........................#
#.∩.....................∩.#
#.......#####+#####.......#
#......##......W(.##......#
#.....##...##+##@..##.....#
#....##...##...##...##....#
#....#...##.!!!.##...#....#
#....'...#.?!!??.#...+....#
#....#...##..??.##...#....#
#....##...##...##...##....#
#.....##...#####...##.....#
#......##.........##......#
#.......#####+#####.......#


You could see a wraith and a friendly spectral flail.

Vanquished Creatures
  A centaur (D:5)
  A big kobold (Sewer)
  A scorpion (D:2)
  A howler monkey (D:4)
  A worker ant (D:5)
  A mummy (Ossuary)
  2 gnolls (D:5)
  14 adders
  3 river rats (Sewer)
  6 oozes
  2 worms
  A dart slug (D:5)
  2 leopard geckos
  5 giant cockroaches
  11 goblins
  4 hobgoblins
  6 jackals
  5 ball pythons
  3 bats
  3 frilled lizards
  8 gnoll skeletons (Ossuary)
  7 kobolds
  8 kobold skeletons (Ossuary)
  9 orc skeletons (Ossuary)
  12 rats
117 creatures vanquished.

Notes
Turn   | Place    | Note
-------+----------+-------------------------------------------
     0 | D:1      | tidbits the Gnoll Skald began the quest for the Orb.
     0 | D:1      | Reached XP level 1. HP: 20/20 MP: 6/6
    96 | D:1      | Reached skill level 5 in Spellcasting
    96 | D:1      | Reached XP level 2. HP: 26/26 MP: 2/8
   289 | D:1      | Learned a level 2 spell: Song of Slaying
   292 | D:1      | Learned a level 2 spell: Shroud of Golubria
   395 | D:2      | Found a faded altar of an unknown god.
   424 | D:2      | Reached skill level 1 in Conjurations
   424 | D:2      | Reached XP level 3. HP: 26/31 MP: 3/9
   429 | D:2      | Learned a level 3 spell: Regeneration
   504 | D:2      | Reached skill level 1 in Translocations
   504 | D:2      | Reached skill level 1 in Air Magic
   509 | D:2      | Noticed a scorpion
   517 | D:2      | Killed a scorpion
   517 | D:2      | Reached skill level 5 in Fighting
   517 | D:2      | Reached skill level 1 in Short Blades
   517 | D:2      | Reached skill level 1 in Maces & Flails
   517 | D:2      | Reached skill level 1 in Crossbows
   517 | D:2      | Reached skill level 1 in Shields
   517 | D:2      | Reached skill level 1 in Transmutations
   517 | D:2      | Reached skill level 1 in Fire Magic
   517 | D:2      | Reached skill level 1 in Earth Magic
   517 | D:2      | Reached skill level 1 in Invocations
   517 | D:2      | Reached XP level 4. HP: 39/39 MP: 2/11
   568 | D:2      | Reached skill level 1 in Axes
   644 | D:2      | Reached skill level 1 in Throwing
   690 | D:2      | Reached skill level 2 in Translocations
   693 | D:2      | Reached skill level 1 in Staves
   693 | D:2      | Reached XP level 5. HP: 41/44 MP: 0/12
   720 | D:2      | Reached skill level 2 in Air Magic
   720 | D:2      | Reached skill level 1 in Poison Magic
   744 | D:2      | Reached skill level 2 in Maces & Flails
   761 | D:2      | Reached skill level 1 in Slings
   881 | D:4      | Reached skill level 1 in Hexes
   881 | D:4      | Reached skill level 1 in Necromancy
   884 | D:5      | Entered Level 5 of the Dungeon
   906 | D:5      | Found Aleu's Weapon Shoppe.
   934 | D:5      | Reached skill level 2 in Axes
   934 | D:5      | Reached skill level 1 in Bows
   934 | D:5      | Reached skill level 2 in Necromancy
   959 | D:5      | Reached skill level 2 in Slings
   959 | D:5      | Reached skill level 1 in Ice Magic
  1006 | D:5      | Reached XP level 6. HP: 25/51 MP: 0/14
  1008 | D:5      | Reached skill level 1 in Stealth
  1012 | D:5      | Found a glowing drain.
  1052 | D:5      | Reached skill level 1 in Summonings
  1052 | D:5      | Reached skill level 1 in Evocations
  1054 | D:5      | Reached skill level 2 in Short Blades
  1057 | D:5      | Reached skill level 2 in Bows
  1061 | D:5      | Reached skill level 2 in Staves
  1077 | Sewer    | Entered a sewer
  1129 | Sewer    | Reached skill level 2 in Shields
  1129 | Sewer    | Reached skill level 2 in Hexes
  1140 | Sewer    | Learned a level 3 spell: Spectral Weapon
  1160 | Sewer    | Reached skill level 3 in Armour
  1160 | Sewer    | Reached skill level 2 in Stealth
  1160 | Sewer    | Reached skill level 5 in Unarmed Combat
  1209 | Sewer    | Reached skill level 2 in Invocations
  1229 | Sewer    | Reached skill level 3 in Axes
  1229 | Sewer    | Reached skill level 2 in Transmutations
  1331 | Sewer    | Reached XP level 7. HP: 42/57 MP: 11/15
  1333 | Sewer    | Reached skill level 1 in Long Blades
  1409 | D:5      | Reached skill level 3 in Short Blades
  1409 | D:5      | Reached skill level 3 in Bows
  1409 | D:5      | Reached skill level 2 in Conjurations
  1409 | D:5      | Reached skill level 7 in Charms
  1409 | D:5      | Reached skill level 3 in Necromancy
  1440 | D:5      | Found a sand-covered staircase.
  1459 | Ossuary  | Entered an ossuary
  1459 | Ossuary  | Noticed a wraith
  1459 | Ossuary  | Noticed a wraith
  1459 | Ossuary  | Noticed a wraith
  1510 | Ossuary  | Reached skill level 3 in Air Magic
  1596 | Ossuary  | Reached skill level 2 in Summonings
  1627 | Ossuary  | Noticed a wraith
  1648 | Ossuary  | HP: 4/57 [wraith (13)]
  1648 | Ossuary  | Mangled by a wraith

Vault maps used:
D:1:      saegor_arrival_simple_d, minivault_4
D:2:      kennysheep_the_goblin_king, chequers_ecumenical_altar_simple
D:3:      first_bread
D:5:      serial_shops, kennysheep_mini, nicolae_ossuary_entry_ruins,
          gup_sewer_entry_glass
Sewer:    sewer_co_15_rooms
Ossuary:  ossuary_due_mausoleum

Skill      XL: |  1  2  3  4  5  6  7 |
---------------+----------------------+-----
Spellcasting   | 5 |  5.6
Conjurations   | 1 2 |  2.3
Translocations | 1 2 |  2.6
Air Magic      | 1 2 3 |  3.1
Fighting       | 5 |  5.7
Short Blades   | 1 2 3 |  3.1
Maces & Flails | 1 2 |  2.3
Crossbows      | 1 |  1.7
Shields        | 1 2 |  2.6
Transmutations | 1 2 |  2.6
Fire Magic     | 1 |  1.7
Earth Magic    | 1 |  1.7
Invocations    | 1 2 |  2.6
Axes           | 1 2 3 |  3.5
Throwing       | 1 |  1.7
Staves         | 1 2 |  2.3
Poison Magic   | 1 |  1.3
Slings         | 2 |  2.8
Hexes          | 1 2 |  2.0
Necromancy     | 2 3 |  3.1
Bows           | 1 2 3 |  3.1
Ice Magic      | 1 |  1.7
Stealth        | 2 |  2.0
Summonings     | 1 2 |  2.0
Evocations     | 1 |  1.7
Armour         | 3 |  3.1
Unarmed Combat | 5 |  5.0
Long Blades    | 1 |  1.7
Charms         | 7 |  7.0
Polearms       | |  0.8
Dodging        | |  4.9

Action                   |  1- 3 |  4- 6 |  7- 9 || total
-------------------------+-------+-------+-------++-------
Melee: Unarmed           |    58 |   165 |       ||   223
       Bite              |     7 |    11 |     4 ||    22
       Punch             |       |     4 |     3 ||     7
       Flail             |       |    23 |    48 ||    71
 Cast: Infusion          |    11 |    10 |       ||    21
       Shroud of Golubri |     2 |     8 |     2 ||    12
       Spectral Weapon   |       |     6 |     7 ||    13
       Regeneration      |       |     1 |     2 ||     3
  Use: Scroll            |       |       |     8 ||     8
       Potion            |       |       |     1 ||     1
 Stab: Sleeping          |       |     2 |     1 ||     3
  Eat: Chunk             |       |     2 |     2 ||     4
Armor: Leather armour    |     8 |       |       ||     8
       Ring mail         |     5 |    56 |    11 ||    72
Dodge: Dodged            |    25 |   128 |    34 ||   187

Table legend:
 A = Spawn XP
 B = Non-spawn XP
 C = Spawn XP percentage of total XP
 D = Spawn monster count
 E = Non-spawn monster count
 F = Spawn count percentage of total count
 G = Total turns spent on level
                    A         B        C        D         E        F      G
               +---------+---------+-------+---------+---------+-------+---------
         Total |       0 |     809 |   0.0 |       0 |     117 |   0.0 |  1648
               +---------+---------+-------+---------+---------+-------+---------
           D:1 |       0 |      28 |   0.0 |       0 |      19 |   0.0 |   395
           D:2 |       0 |     167 |   0.0 |       0 |      28 |   0.0 |   417
           D:3 |       0 |       1 |   0.0 |       0 |       1 |   0.0 |    52
           D:4 |       0 |      57 |   0.0 |       0 |       2 |   0.0 |    20
           D:5 |       0 |     282 |   0.0 |       0 |      19 |   0.0 |   257
         Sewer |       0 |     231 |   0.0 |       0 |      22 |   0.0 |   318
       Ossuary |       0 |      43 |   0.0 |       0 |      26 |   0.0 |   189
               +---------+---------+-------+---------+---------+-------+---------

Table legend:
 A = Turns spent in this place as a percentage of turns spent in the entire game.
 B = Non-inter-level travel turns spent in this place as a percentage of non-inter-level travel turns spent in the entire game.
 C = Inter-level travel turns spent in this place as a percentage of turns spent in this place.
 D = Turns resting spent in this place as a percentage of non-inter-level travel turns spent in this place.
 E = Turns spent auto-exploring this place as a percentage of non-inter-level travel turns spent in this place.
 F = Non-inter-level travel turns spent in this place divided by the number of levels of this place that you've seen.
                   A       B       C       D       E      F
               +-------+-------+-------+-------+-------+----------------------
         Total | 100.0 | 100.0 |   3.5 |   0.0 |   0.0 | 227.3
       Dungeon |  69.2 |  68.1 |   5.0 |   0.0 |   0.0 | 216.8
         Sewer |  19.3 |  20.0 |   0.0 |   0.0 |   0.0 | 318.0
       Ossuary |  11.5 |  11.9 |   0.0 |   0.0 |   0.0 | 189.0
               +-------+-------+-------+-------+-------+----------------------

Table legend:
 A = Kills in this place as a percentage of kills in entire the game.
 B = Kills by you in this place as a percentage of kills by you in the entire game.
 C = Kills by friends in this place as a percentage of kills by friends in the entire game.
 D = Other kills in this place as a percentage of other kills in the entire game.
 E = Experience gained in this place as a percentage of experience gained in the entire game.
 F = Experience gained in this place divided by the number of levels of this place that you have seen.
                   A       B       C       D       E      F
               +-------+-------+-------+-------+-------+----------------------
         Total | 100.0 | 100.0 |   N/A |   N/A | 100.0 | 115.6
       Dungeon |  59.0 |  59.0 |   N/A |   N/A |  66.1 | 107.0
         Sewer |  18.8 |  18.8 |   N/A |   N/A |  28.6 | 231.0
       Ossuary |  22.2 |  22.2 |   N/A |   N/A |   5.3 |  43.0
               +-------+-------+-------+-------+-------+----------------------

Vault maps used:
D:1:      saegor_arrival_simple_d, minivault_4
D:2:      kennysheep_the_goblin_king, chequers_ecumenical_altar_simple
D:3:      first_bread
D:5:      serial_shops, kennysheep_mini, nicolae_ossuary_entry_ruins,
          gup_sewer_entry_glass
Sewer:    sewer_co_15_rooms
Ossuary:  ossuary_due_mausoleum
